 Dungeon Crawl Stone Soup version 0.17-a0-915-g8914353 (webtiles) character file.

527 Lathuz the Cudgeler (level 7, -15/41 HPs)
             Began as a Gargoyle Fighter on May 4, 2015.
             Demolished by an ogre
             ... wielding a +0 giant club
              (23 damage)
             ... on level 5 of the Dungeon.
             The game lasted 00:11:35 (3608 turns).

Lathuz the Cudgeler (Gargoyle Fighter)              Turns: 3608, Time: 00:11:35

Health: -15/41     AC: 15    Str: 19    XL:     7   Next: 23%
Magic:  0/2        EV:  5    Int:  9    God:
Gold:   44         SH:  9    Dex: 11    Spells: 0 memorised, 6 levels left

rFire  + . .     SeeInvis .     x - +1 flail (antimagic)
rCold  x . .     Clarity  .     y - +0 chain mail
rNeg   + . .     SustAb   .     c - +0 shield
rPois  ∞         Gourm    .     I - +0 helmet
rElec  +         Spirit   +     (no cloak)
rCorr  .         Warding  .     (no gloves)
rMut   .         Stasis   .     (no boots)
MR     .....                    D - amulet of guardian spirit
Stlth  ..........               (no ring)
                                F - ring of fire

@: not resistant to hostile enchantments, extremely unstealthy
A: negative energy resistance 1, electricity resistance, unbreathing,
petrification resistance, rot immunity, AC +4
a: no special abilities


You were on level 5 of the Dungeon.
You were not hungry.

You visited 1 branch of the dungeon, and saw 5 of its levels.

You collected 164 gold pieces.
You spent 120 gold pieces at shops.

Inventory:

Hand weapons
 a - a +0 flail
 x - a +1 antimagic flail (weapon)
Armour
 b - a +0 scale mail
 c - a +0 shield (worn)
 y - a +0 chain mail (worn)
 I - a +0 helmet (worn)
Jewellery
 l - an uncursed amulet of regeneration
 D - an amulet of guardian spirit (around neck)
 F - a ring of fire (left hand)
Magical devices
 t - a wand of fire (2)
 z - a wand of lightning (2)
Scrolls
 f - a scroll of blinking {unknown}
 h - a scroll of enchant weapon {unknown}
 j - 2 scrolls of immolation {unknown}
 m - a scroll of fear {unknown}
 n - 4 scrolls of remove curse {unknown}
 o - 3 scrolls of magic mapping {unknown}
 s - 2 scrolls of teleportation {unknown}
 w - a scroll of amnesia {unknown}
 A - a scroll of random uselessness {unknown}
 B - 4 scrolls of identify {unknown}
Potions
 d - a potion of might
 g - 3 potions of degeneration {unknown}
 i - a potion of cancellation {unknown}
 p - 2 potions of poison {unknown}
 q - 2 potions of heal wounds
 r - a potion of brilliance {unknown}
 u - 2 potions of lignification {unknown}
 v - a potion of berserk rage {unknown}
 C - 2 potions of agility
 E - 3 potions of curing
 G - 2 potions of haste {unknown}
Comestibles
 e - 7 bread rations
 k - 5 meat rations
 H - 2 chunks of flesh


   Skills:
 - Level 3.2 Fighting
 + Level 7.4 Maces & Flails
 - Level 3.2 Armour
 - Level 1.0 Dodging
 - Level 1.0 Stealth
 - Level 3.2 Shields


You had 6 spell levels left.
You didn't know any spells.

Dungeon Overview and Level Annotations

Branches:
Dungeon (5/15)
 Temple: D:4-7

Altars:
Ashenzari
Zin

Shops:
D:4 !


Innate Abilities, Weirdness & Mutations

You are resistant to torment.
Your stone body is resilient (AC +4).
You are immune to poison.
You resist negative energy.
You are resistant to electric shocks.
You can survive without breathing.
You are immune to petrification.
You are immune to rotting.


Message History

The ogre hits you with a giant club!
* * * LOW HITPOINT WARNING * * *
You are too injured to fight recklessly!
You are too injured to fight recklessly!
You are too injured to fight recklessly!
You are too injured to fight recklessly!
You are too injured to fight recklessly!
You hit the ogre.
The ogre is heavily wounded.
The ogre barely misses you.
You hit the ogre.
The ogre is severely wounded.
You barely miss the ogre.
The ogre is severely wounded.
You block the ogre's attack.
Your shield and chain mail prevent you from hitting the ogre.
The ogre is severely wounded.
The ogre hits you with a giant club!!
Ouch! That really hurt!
You die...

......
.......8...#
#...P.
#####...#.# .##
##.##.# #.##.#
#.##.# #.##.# #
##.##.#
.#...#####...#.#
...8...O@$.8...#
.#...#####...#.#
... # ##.##.#
..# #... # ..#
##### ..+ . ..#
#.. ..## #..
...# #.####


You could see an ogre.

Vanquished Creatures
  A hippogriff (D:3)
  An iguana (D:4)
  3 orc priests (D:4)
  Jessica (D:3)
  Terence (D:3)
  A worker ant (D:4)
  An orc wizard (D:4)
  2 shadow imps
  8 adders
  4 worms
  4 giant geckos
  9 orcs
  11 bats
  A bat skeleton (D:4)
  5 giant cockroaches
  8 goblins
  12 hobgoblins
  3 jackals (D:2)
  3 quokkas
  2 ball pythons
  2 giant newts (D:2)
  5 kobolds
  9 rats
97 creatures vanquished.

Notes
Turn   | Place    | Note
--------------------------------------------------------------
     0 | D:1      | Lathuz, the Gargoyle Fighter, began the quest for the Orb.
     0 | D:1      | Reached XP level 1. HP: 14/14 MP: 1/1
   271 | D:1      | Reached XP level 2. HP: 19/19 MP: 2/2
   415 | D:1      | Reached skill level 1 in Stealth
   814 | D:2      | Reached skill level 1 in Dodging
   851 | D:2      | Reached XP level 3. HP: 23/23 MP: 3/3
  1017 | D:2      | Reached XP level 4. HP: 28/28 MP: 4/4
  1355 | D:2      | Reached skill level 4 in Maces & Flails
  1574 | D:3      | Noticed a hippogriff
  1593 | D:3      | Killed a hippogriff
  1593 | D:3      | Reached skill level 5 in Maces & Flails
  1593 | D:3      | Reached XP level 5. HP: 21/32 MP: 5/5
  1707 | D:3      | Noticed Terence
  1729 | D:3      | Killed Terence
  1729 | D:3      | Reached XP level 6. HP: 32/37 MP: 4/6
  1821 | D:3      | Reached skill level 6 in Maces & Flails
  1875 | D:3      | Noticed Jessica
  1880 | D:3      | Killed Jessica
  2352 | D:4      | Found Ruent's Distillery.
  2357 | D:4      | Bought a potion of heal wounds for 50 gold pieces
  2357 | D:4      | Bought a potion of curing for 30 gold pieces
  2357 | D:4      | Bought a potion of agility for 40 gold pieces
  2587 | D:4      | Found a glowing silver altar of Zin.
  2606 | D:4      | Reached skill level 7 in Maces & Flails
  2666 | D:4      | Reached XP level 7. HP: 39/41 MP: 2/7
  3039 | D:4      | Found a shattered altar of Ashenzari.
  3456 | D:5      | Entered Level 5 of the Dungeon
  3608 | D:5      | Demolished by an ogre

Action                   |  1- 3 |  4- 6 |  7- 9 || total
-------------------------+-------+-------+-------++-------
Melee: Flail             |   148 |   228 |    75 ||   451
  Eat: Chunk             |       |     7 |     3 ||    10
